TOP OF THE 1ST |
Jackson Generals batting - Pitching for Montgomery Biscuits : RHP Ken Vandercook
|
Pitching: RHP Ken Vandercook
|
|
Batting: RHB Mike Conaway
|
0-0: SINGLE (Groundball, 56, EV 83.1 MPH) (infield hit)
|
Batting: RHB Zach Downs
|
0-0: Called Strike Mike Conaway steals 2nd base 0-1: Ball 1-1: Ball 2-1: Ball 3-1: Fly out, F9 (Line Drive, 9, EV 103.8 MPH)
|
Batting: RHB Ryan Criollo
|
0-0: Ball 1-0: Foul Ball, location: 2F 1-1: Ball 2-1: SINGLE (Groundball, 4D, EV 110.6 MPH) Mike Conaway to third Runner from 3rd tries for Home, SAFE, throw by CF to home
|
Batting: LHB Taki Matsui
|
0-0: Fly out, F4 (Flyball, 34D, EV 84.4 MPH)
|
Batting: RHB Chris Olheiser
|
0-0: Foul Ball, location: 2F 0-1: Ground out 1-3 (Groundball, 13S, EV 70.6 MPH)
|
Top of the 1st over - 1 run, 2 hits, 0 errors, 1 left on base; Jackson 1 - Montgomery 0 |
BOTTOM OF THE 1ST |
Montgomery Biscuits batting - Pitching for Jackson Generals : RHP Chris Julien
|
Pitching: RHP Chris Julien
|
|
Batting: RHB Sesto Carpini
|
0-0: Ball 1-0: Ground out 4-3 (Groundball, 4, EV 108.1 MPH)
|
Batting: RHB Paul Landes
|
0-0: Called Strike 0-1: Ball 1-1: Swinging Strike 1-2: Strikes out swinging
|
Batting: LHB Darryl Gonnella
|
0-0: Ball 1-0: Ball 2-0: Called Strike 2-1: Ball 3-1: Ground out 1-3 (Groundball, P, EV 69.4 MPH)
|
Bottom of the 1st over - 0 runs, 0 hits, 0 errors, 0 left on base; Jackson 1 - Montgomery 0 |
TOP OF THE 2ND |
Jackson Generals batting - Pitching for Montgomery Biscuits : RHP Ken Vandercook
|
Batting: RHB Enrique Valdez
|
0-0: Ball 1-0: Ground out U3 (Groundball, 34, EV 82.5 MPH)
|
Batting: RHB Ivan Davila
|
0-0: Foul Ball, location: 2F 0-1: Ball 1-1: Foul Ball, location: 2F 1-2: Ball 2-2: Strikes out swinging
|
Batting: RHB Justin Colella
|
0-0: Swinging Strike 0-1: Swinging Strike 0-2: Strikes out swinging
|
Top of the 2nd over - 0 runs, 0 hits, 0 errors, 0 left on base; Jackson 1 - Montgomery 0 |
BOTTOM OF THE 2ND |
Montgomery Biscuits batting - Pitching for Jackson Generals : RHP Chris Julien
|
Batting: RHB Jose Arriola
|
0-0: Swinging Strike 0-1: Ball 1-1: Swinging Strike 1-2: Strikes out swinging, 2-3 out at first.
|
Batting: LHB Harris Vink
|
0-0: Foul Ball, location: 2F 0-1: Foul Ball, location: 2F 0-2: Foul Ball, location: 2F 0-2: Ball 1-2: Ball 2-2: Ball 3-2: Base on Balls
|
Batting: RHB Freddy Mullen
|
0-0: Fly out, F7 (Line Drive, 78M, EV 91.9 MPH)
|
Batting: LHB Danny Hull
|
0-0: Foul Ball, location: 2F 0-1: Called Strike Harris Vink steals 2nd base 0-2: Ball 1-2: Ball 2-2: Ball 3-2: Reached on error, E6 (Groundball, 4M, EV 83.1 MPH) Harris Vink to third
|
Batting: RHB Isaiah Easter
|
0-0: Called Strike 0-1: Ball 1-1: Ball 2-1: Swinging Strike 2-2: Ground out 1-3 (Groundball, 34S, EV 76.2 MPH)
|
Bottom of the 2nd over - 0 runs, 0 hits, 1 error, 2 left on base; Jackson 1 - Montgomery 0 |
TOP OF THE 3RD |
Jackson Generals batting - Pitching for Montgomery Biscuits : RHP Ken Vandercook
|
Batting: RHB Jesus Santiago
|
0-0: Ball 1-0: Swinging Strike 1-1: SOLO HOME RUN (Flyball, 7D, EV 101.2 MPH), Distance : 391 ft
|
Batting: RHB Mike Conaway
|
0-0: Fly out, F4 (Popup, 4, EV 58.1 MPH)
|
Batting: RHB Zach Downs
|
0-0: Called Strike 0-1: Ball 1-1: Swinging Strike 1-2: Strikes out swinging
|
Batting: RHB Ryan Criollo
|
0-0: Ball 1-0: Ball 2-0: Called Strike 2-1: Swinging Strike 2-2: Fly out, F3 (Line Drive, 3L, EV 71.2 MPH)
|
Top of the 3rd over - 1 run, 1 hit, 0 errors, 0 left on base; Jackson 2 - Montgomery 0 |
BOTTOM OF THE 3RD |
Montgomery Biscuits batting - Pitching for Jackson Generals : RHP Chris Julien
|
Batting: RHB Khalil Walker
|
0-0: Ball 1-0: Ball 2-0: Foul Ball, location: 2F 2-1: Ball 3-1: Fly out, F9 (Flyball, 9D, EV 85.0 MPH)
|
Batting: RHB Sesto Carpini
|
0-0: Ball 1-0: Foul Ball, location: 2F 1-1: Swinging Strike 1-2: Foul Ball, location: 2F 1-2: Ground out 5-3 (Groundball, 56, EV 104.4 MPH)
|
Batting: RHB Paul Landes
|
0-0: Called Strike 0-1: Foul Ball, location: 2F 0-2: Ball 1-2: Ball 2-2: DOUBLE (Groundball, 5L, EV 107.5 MPH)
|
Batting: LHB Darryl Gonnella
|
0-0: Ball 1-0: Ball 2-0: Foul Ball, location: 2F 2-1: Reached on error, E4 (Groundball, 4S, EV 88.8 MPH) Paul Landes to third
|
Batting: RHB Jose Arriola
|
0-0: Ball 1-0: Ball 2-0: Foul Ball, location: 2F 2-1: Fielders Choice at 2nd, 5-4 (Groundball, 5, EV 90.6 MPH)
|
Bottom of the 3rd over - 0 runs, 1 hit, 1 error, 2 left on base; Jackson 2 - Montgomery 0 |
TOP OF THE 4TH |
Jackson Generals batting - Pitching for Montgomery Biscuits : RHP Ken Vandercook
|
Batting: LHB Taki Matsui
|
0-0: Called Strike 0-1: Swinging Strike 0-2: Ball 1-2: Fly out, F9 (Flyball, 89S, EV 83.1 MPH)
|
Batting: RHB Chris Olheiser
|
0-0: Ground out 6-3 (Groundball, 4MS, EV 68.8 MPH)
|
Batting: RHB Enrique Valdez
|
0-0: Swinging Strike 0-1: Ball 1-1: Swinging Strike 1-2: Fly out, F6 (Popup, 6M, EV 62.5 MPH)
|
Top of the 4th over - 0 runs, 0 hits, 0 errors, 0 left on base; Jackson 2 - Montgomery 0 |
BOTTOM OF THE 4TH |
Montgomery Biscuits batting - Pitching for Jackson Generals : RHP Chris Julien
|
Batting: LHB Harris Vink
|
0-0: Called Strike 0-1: DOUBLE (Line Drive, 7LD, EV 98.8 MPH)
|
Batting: RHB Freddy Mullen
|
0-0: Ball 1-0: Ball 2-0: Foul Ball, location: 2F 2-1: DOUBLE (Line Drive, 7LM, EV 110.0 MPH) Harris Vink scores
|
Batting: LHB Danny Hull
|
0-0: Swinging Strike 0-1: Swinging Strike 0-2: Ground out 4-3 (Groundball, 4, EV 89.4 MPH) Freddy Mullen to third
|
Batting: RHB Isaiah Easter
|
0-0: Ball 1-0: SINGLE (Groundball, 56, EV 97.5 MPH) Freddy Mullen scores
|
Batting: RHB Khalil Walker
|
0-0: Called Strike 0-1: DOUBLE (Flyball, 8LXD, EV 100.6 MPH) Isaiah Easter to third
|
Batting: RHB Sesto Carpini
|
0-0: Ball 1-0: Swinging Strike 1-1: SINGLE (Groundball, 56, EV 82.5 MPH) (infield hit) Isaiah Easter scores Khalil Walker to third
|
Batting: RHB Paul Landes
|
0-0: Called Strike 0-1: Called Strike Sesto Carpini steals 2nd base 0-2: SINGLE (Groundball, 6D, EV 95.6 MPH) Khalil Walker scores Sesto Carpini to third Runner from 3rd tries for Home, SAFE, throw by CF to home
|
Pitching: RHP Marty Maginnis
|
|
Batting: LHB Darryl Gonnella
|
0-0: Ball 1-0: Ball 2-0: Ball 3-0: Called Strike 3-1: Foul Ball, location: 2F 3-2: Foul Ball, location: 2F 3-2: Foul Ball, location: 2F 3-2: DOUBLE (Line Drive, 7LD, EV 105.0 MPH) Paul Landes to third
|
Batting: RHB Jose Arriola
|
0-0: Swinging Strike Passed Ball! Paul Landes scores Darryl Gonnella to third 0-1: SINGLE (Groundball, 4M, EV 98.1 MPH) Darryl Gonnella scores
|
Batting: LHB Harris Vink
|
0-0: Called Strike 0-1: Called Strike 0-2: Strikes out looking
|
Batting: RHB Freddy Mullen
|
0-0: Foul Ball, location: 2F 0-1: Foul Ball, location: 2F 0-2: Ball 1-2: Ball 2-2: Foul Ball, location: 2F 2-2: Foul Ball, location: 2F 2-2: Strikes out looking
|
Bottom of the 4th over - 7 runs, 8 hits, 0 errors, 1 left on base; Jackson 2 - Montgomery 7 |
TOP OF THE 5TH |
Jackson Generals batting - Pitching for Montgomery Biscuits : RHP Ken Vandercook
|
Batting: RHB Ivan Davila
|
0-0: Called Strike 0-1: Ball 1-1: Ball 2-1: Called Strike 2-2: Strikes out swinging
|
Batting: RHB Justin Colella
|
0-0: Called Strike 0-1: Ball 1-1: Ground out 6-3 (Groundball, 6, EV 90.0 MPH)
|
Batting: RHB Jesus Santiago
|
0-0: Swinging Strike 0-1: Ball 1-1: Swinging Strike 1-2: Ball 2-2: Strikes out swinging
|
Top of the 5th over - 0 runs, 0 hits, 0 errors, 0 left on base; Jackson 2 - Montgomery 7 |
BOTTOM OF THE 5TH |
Montgomery Biscuits batting - Pitching for Jackson Generals : RHP Marty Maginnis
|
Batting: LHB Danny Hull
|
0-0: Foul Ball, location: 2F 0-1: Ball 1-1: SINGLE (Flyball, 8LS, EV 91.9 MPH)
|
Batting: RHB Isaiah Easter
|
0-0: Ball 1-0: Swinging Strike 1-1: SINGLE (Groundball, 34D, EV 94.4 MPH) Danny Hull to second Runner from 2nd tries for 3rd, SAFE, throw by RF made to third
|
Batting: RHB Khalil Walker
|
0-0: Ball 1-0: Ball 2-0: Called Strike 2-1: DOUBLE (Line Drive, 8LXD, EV 109.4 MPH) Danny Hull scores Isaiah Easter to third
|
Batting: RHB Sesto Carpini
|
0-0: Called Strike 0-1: Foul Ball, location: 2F 0-2: Strikes out swinging
|
Batting: RHB Paul Landes
|
0-0: Called Strike 0-1: Foul Ball, location: 2F 0-2: Ball 1-2: Ball 2-2: 3-RUN HOME RUN (Flyball, 78XD, EV 106.2 MPH), Distance : 407 ft
|
Pitching: RHP Jamie Johnston
|
|
Batting: LHB Darryl Gonnella
|
0-0: Called Strike 0-1: Ball 1-1: Ball 2-1: SINGLE (Line Drive, 8LS, EV 96.2 MPH)
|
Batting: RHB Jose Arriola
|
0-0: Called Strike 0-1: Swinging Strike 0-2: 2-RUN HOME RUN (Flyball, 7D, EV 103.8 MPH), Distance : 372 ft
|
Batting: LHB Harris Vink
|
0-0: Called Strike 0-1: Called Strike 0-2: Strikes out swinging
|
Batting: RHB Freddy Mullen
|
0-0: Swinging Strike 0-1: Ground out 5-3 (Groundball, 56, EV 76.9 MPH)
|
Bottom of the 5th over - 6 runs, 6 hits, 0 errors, 0 left on base; Jackson 2 - Montgomery 13 |
TOP OF THE 6TH |
Jackson Generals batting - Pitching for Montgomery Biscuits : RHP Ken Vandercook
|
Batting: RHB Mike Conaway
|
0-0: Called Strike 0-1: Ball 1-1: Ground out U3 (Groundball, 34, EV 100.0 MPH)
|
Batting: RHB Zach Downs
|
0-0: Called Strike 0-1: Ball 1-1: Called Strike 1-2: Strikes out looking
|
Batting: RHB Ryan Criollo
|
0-0: Called Strike 0-1: Ball 1-1: Ball 2-1: Foul Ball, location: 2F 2-2: Fly out, F7 (Flyball, 7, EV 85.0 MPH)
|
Top of the 6th over - 0 runs, 0 hits, 0 errors, 0 left on base; Jackson 2 - Montgomery 13 |
BOTTOM OF THE 6TH |
Montgomery Biscuits batting - Pitching for Jackson Generals : RHP Jamie Johnston
|
Batting: LHB Danny Hull
|
0-0: Ground out U3 (Groundball, 34, EV 81.2 MPH)
|
Batting: RHB Isaiah Easter
|
0-0: Ball 1-0: Called Strike 1-1: Swinging Strike 1-2: Ground out U3 (Groundball, 3S, EV 91.9 MPH)
|
Batting: RHB Khalil Walker
|
0-0: Ball 1-0: Called Strike 1-1: Swinging Strike 1-2: Strikes out swinging
|
Bottom of the 6th over - 0 runs, 0 hits, 0 errors, 0 left on base; Jackson 2 - Montgomery 13 |
TOP OF THE 7TH |
Jackson Generals batting - Pitching for Montgomery Biscuits : RHP Ken Vandercook
|
Batting: LHB Taki Matsui
|
0-0: Called Strike 0-1: Foul Ball, location: 2F 0-2: Foul Ball, location: 2F 0-2: Strikes out swinging
|
Pinch Hitting: LHB Mario Cardona
|
0-0: Ball 1-0: Ball 2-0: Ball 3-0: Called Strike 3-1: Fly out, F9 (Flyball, 9LM, EV 78.8 MPH)
|
Batting: RHB Enrique Valdez
|
0-0: Ball 1-0: Ground out 6-3 (Groundball, 6, EV 76.2 MPH)
|
Top of the 7th over - 0 runs, 0 hits, 0 errors, 0 left on base; Jackson 2 - Montgomery 13 |
BOTTOM OF THE 7TH |
Montgomery Biscuits batting - Pitching for Jackson Generals : RHP Jamie Johnston
|
Now at SS: Mario Cardona
|
|
Pinch Hitting: RHB Chris Glavin
|
0-0: Ball 1-0: Called Strike 1-1: Ball 2-1: Foul Ball, location: 2F 2-2: Ball 3-2: Foul Ball, location: 2F 3-2: Base on Balls
|
Batting: RHB Paul Landes
|
0-0: Foul Ball, location: 2F 0-1: Called Strike 0-2: Ball 1-2: Ball 2-2: Ball 3-2: Grounds into double play, 6-4-3 (Groundball, 6, EV 95.0 MPH)
|
Pinch Hitting: RHB Dan Marks
|
0-0: Called Strike 0-1: SINGLE (Groundball, 6D, EV 106.2 MPH)
|
Batting: RHB Jose Arriola
|
0-0: Foul Ball, location: 2F 0-1: Fly out, F9 (Line Drive, 9, EV 100.0 MPH)
|
Bottom of the 7th over - 0 runs, 1 hit, 0 errors, 1 left on base; Jackson 2 - Montgomery 13 |
TOP OF THE 8TH |
Jackson Generals batting - Pitching for Montgomery Biscuits : RHP Ken Vandercook
|
Now at 1B: Paul Landes
|
|
Now at 3B: Chris Glavin
|
|
Now in LF: Dan Marks
|
|
Batting: RHB Ivan Davila
|
0-0: Foul Ball, location: 2F 0-1: Ground out 6-3 (Groundball, 56, EV 102.5 MPH)
|
Batting: RHB Justin Colella
|
0-0: Called Strike 0-1: Called Strike 0-2: Strikes out swinging
|
Batting: RHB Jesus Santiago
|
0-0: Called Strike 0-1: Fly out, F4 (Popup, 3S, EV 79.4 MPH)
|
Top of the 8th over - 0 runs, 0 hits, 0 errors, 0 left on base; Jackson 2 - Montgomery 13 |
BOTTOM OF THE 8TH |
Montgomery Biscuits batting - Pitching for Jackson Generals : RHP Jamie Johnston
|
Batting: LHB Harris Vink
|
0-0: Fly out, F7 (Flyball, 7D, EV 94.4 MPH)
|
Batting: RHB Freddy Mullen
|
0-0: Ball 1-0: Ball 2-0: Ball 3-0: Called Strike 3-1: SINGLE (Groundball, 6MD, EV 108.8 MPH)
|
Pitching: RHP Sid Lampone
|
|
Batting: LHB Danny Hull
|
0-0: Fielders Choice at 2nd, 4-6 (Groundball, 4, EV 80.6 MPH)
|
Batting: RHB Isaiah Easter
|
0-0: Foul Ball, location: 2F 0-1: Ground out 3-1 (Groundball, 34, EV 99.4 MPH)
|
Bottom of the 8th over - 0 runs, 1 hit, 0 errors, 1 left on base; Jackson 2 - Montgomery 13 |
TOP OF THE 9TH |
Jackson Generals batting - Pitching for Montgomery Biscuits : RHP Ken Vandercook
|
Batting: RHB Mike Conaway
|
0-0: Ball 1-0: Called Strike 1-1: Swinging Strike 1-2: Strikes out looking
|
Batting: RHB Zach Downs
|
0-0: Called Strike 0-1: Swinging Strike 0-2: Strikes out swinging
|
Batting: RHB Ryan Criollo
|
0-0: Ball 1-0: Fly out, F7 (Flyball, 7LS, EV 72.5 MPH)
|
Top of the 9th over - 0 runs, 0 hits, 0 errors, 0 left on base; Jackson 2 - Montgomery 13 |
|